AoeStats
← | ArCas | Toruk Makto

Arena

505364055Analyzed
4v4 RM · 23d ago on Sep 9, 2026· 39m 51s· 8 players
Game mode
Random Map
Map size
Large (8 player)
Population
200
Speed
Normal
Resources
Standard
Victory
Conquest
Starting age
Dark Age
Ending age
Imperial Age
RankedLock teamsTeams togetherTeam positionsShared explorationLock speedFull tech treeHidden civsTurbo modeCheats
Victory
Defeat
🇦🇷 Malay · Argentina
1289
+17
🇨🇱 Wei · Chile
1253
+18
🇪🇨 Maya · Ecuador
1245
+19
🇲🇽 Franks · Mexico
1223
+19
🇨🇷 Khitans · Costa Rica
1341
-20
1330
-19
🇨🇷 Chinese · Costa Rica
1289
-18
🇨🇳 Poles · China
1246
-16
Ars Radiophonik
10:51 Feudal Age
14:34 Castle Age
13:44 Double-Bit Axe
15:12 Wheelbarrow
17:44 Bow Saw
17:47 Loom
26:21 Scale Barding Armor
26:27 Forging
26:13 Gold Mining
28:13 Chain Barding Armor
29:45 Husbandry
31:06 Light Cavalry
33:29 Scale Mail Armor
34:05 Iron Casting
33:11 Pikeman
34:16 Hand Cart
34:17 Squires
36:10 Chain Mail Armor
39:56 Imperial Age
| ArCas | Toruk Makto
11:30 Feudal Age
15:17 Castle Age
13:23 Double-Bit Axe
13:26 Horse Collar
14:33 Loom
24:45 Imperial Age
25:28 Wheelbarrow
25:05 Forging
24:47 Fletching
27:04 Iron Casting
26:25 Bodkin Arrow
26:38 Squires
27:55 Murder Holes
29:22 Ballistics
30:16 Pikeman
31:38 Bow Saw
31:22 Gold Mining
32:46 Heavy Plow
33:27 Conscription
34:26 Blast Furnace
33:19 Halberdier
35:30 Bodkin Arrow
37:24 Bodkin Arrow
38:06 Gold Shaft Mining
40:09 Town Watch
40:19 Stone Mining
Youtube Nimro7
10:39 Feudal Age
15:03 Castle Age
13:30 Double-Bit Axe
13:49 Horse Collar
14:10 Loom
15:45 Wheelbarrow
16:11 Bow Saw
21:00 Stone Mining
21:01 Gold Mining
24:13 Hand Cart
28:59 Imperial Age
27:03 Scale Barding Armor
27:09 Forging
27:13 Treadmill Crane
28:47 Gold Shaft Mining
28:47 Stone Shaft Mining
28:40 Chain Barding Armor
29:10 Iron Casting
29:07 Bloodlines
28:58 Husbandry
30:06 Town Watch
30:05 Elite Tiger Cavalry
32:24 Blast Furnace
31:46 Conscription
32:08 Masonry
32:09 Fortified Wall
32:25 Tuntian
33:44 Ming Guang Armor
34:15 Fletching
34:50 Ballistics
35:30 Chemistry
38:02 Scale Mail Armor
37:24 Pikeman
39:03 Squires
39:09 Halberdier
40:35 Chain Mail Armor
Poeta Abatido
0:27 Loom
10:47 Feudal Age
14:48 Castle Age
12:58 Double-Bit Axe
14:01 Horse Collar
14:14 Gold Mining
23:40 Wheelbarrow
29:38 Imperial Age
28:49 Fletching
30:10 Padded Archer Armor
36:48 Pikeman
37:29 Scale Mail Armor
37:40 Forging
[CRM] - Shadow
11:20 Feudal Age
13:14 Double-Bit Axe
13:35 Domestication
15:59 Castle Age
14:16 Gold Mining
17:05 Bow Saw
16:56 Pastoralism
18:31 Forging
18:40 Loom
19:16 Light Cavalry
22:19 Scale Barding Armor
22:35 Husbandry
25:21 Wheelbarrow
29:10 Imperial Age
27:28 Iron Casting
27:47 Chain Barding Armor
28:33 Stone Mining
29:13 Elite Steppe Lancer
30:32 Plate Barding Armor
31:22 Heavy Camel Rider
32:49 Ordo Cavalry
33:04 Conscription
[CRM]-Camacho
0:29 Loom
10:58 Feudal Age
15:02 Castle Age
16:23 Horse Collar
16:29 Double-Bit Axe
21:56 Wheelbarrow
23:41 Crossbowman
27:15 Bow Saw
35:32 Fletching
35:43 Padded Archer Armor
37:13 Bodkin Arrow
39:00 Gold Mining
theron
10:03 Feudal Age
14:04 Castle Age
12:12 Double-Bit Axe
12:37 Horse Collar
15:08 Bow Saw
20:47 Loom
22:24 Loom
23:05 Szlachta Privileges
23:50 Bloodlines
27:28 Scale Barding Armor
29:34 Wheelbarrow
30:02 Wheelbarrow
30:16 Chain Barding Armor
30:34 Gold Mining
35:52 Imperial Age
33:28 Heavy Plow
34:13 Forging
34:07 Husbandry
34:51 Hand Cart
36:16 Iron Casting
36:13 Cavalier
41:19 Blast Furnace
✬得↗劲儿↘魔法✬~
10:57 Feudal Age
14:27 Castle Age
12:31 Double-Bit Axe
13:06 Horse Collar
14:32 Loom
15:28 Bow Saw
21:04 Wheelbarrow
21:27 Heavy Plow
21:44 Gold Mining
26:34 Hand Cart
29:48 Imperial Age
27:28 Scale Barding Armor
28:05 Gold Shaft Mining
27:49 Treadmill Crane
28:47 Forging
29:22 Bloodlines
29:12 Husbandry
30:03 Chain Barding Armor
30:53 Conscription
29:54 Heavy Camel Rider
31:19 Plate Barding Armor
31:47 Chemistry
31:50 Two-Man Saw
32:36 Iron Casting
32:40 Town Watch
34:17 Blast Furnace
33:46 Siege Engineers
33:53 Fortified Wall
34:14 Counterweights
35:57 Scale Mail Armor
35:49 Fletching
35:59 Padded Archer Armor
39:16 Leather Archer Armor
Connection lost

Rejoining the realm…

Still unreachable

The connection could not be restored.

Session expired

The server has moved on; the page needs a fresh start.